[Event "*** Titled Tuesday Blitz"]
[Site "Chess.com"]
[Date "2019.05.07"]
[Round "7"]
[White "Thee-Chessboy"]
[Black "IakovUlivar"]
[Result "0-1"]
[WhiteElo "2379"]
[BlackElo "2544"]
[TimeControl "180+2"]
[EndTime "14:43:01 PDT"]
[Termination "IakovUlivar won by resignation"]

1. d4 Nf6 2. c4 e6 3. Nf3 d5 4. g3 Bb4+ 5. Bd2 Bd6 6. Bg2 O-O 7. O-O Nbd7 8. c5 Be7 9. Nc3 c6 10. b4 Ne4 11. Qc2 f5 12. a4 Bf6 13. e3 Qe7 14. b5 e5 15. bxc6 bxc6 16. Rfb1 Nxd2 17. Qxd2 e4 18. Ne1 Ba6 19. Na2 Nxc5 20. Nb4 Bb7 21. a5 Na6 22. Bf1 Nxb4 23. Qxb4 Rfb8 24. a6 Qxb4 25.
Rxb4 Bc8 26. Rab1 Rxb4 27. Rxb4 Be7 28. Rb3 Bd6 29. Nc2 Rb8 30. Rxb8 Bxb8 31. Be2 Bd6 32. Kf1 Kf8 33. Ke1 Ke7 34. Kd2 Kd8 35. Kc3 Kc7 36.
h4 Kb6 37. Nb4 Bxb4+ 38. Kxb4 Bxa6 39. Bh5 g6 40. Bd1 Bc4 41. Ba4 a5+ 42. Kc3 Bb5 43.
Bb3 Kc7 44. Ba2 Kd6 45. Bb1 h6 46. Bc2 g5 47. hxg5 hxg5 48. Bd1 Ke6 49. Bh5 Kf6 50. Be8 f4 51. Bd7 fxg3 52. fxg3 Ke7 53. Bg4 Kd6 54. Bd1 c5 55. Bc2 Kc6 56. Bb3 Bc4 57.
Bxc4 dxc4 58. Kxc4 cxd4 59. Kxd4 a4 60. Kc4 a3 61.
Kb3 Kc5 62. Kxa3 Kc4 63. Kb2 Kd3 64. Kc1 Kxe3 65. Kd1 Kf2 66. Kd2 e3+ 67. Kd1 e2+ 0-1

[Event "*** Titled Tuesday Blitz"]
[Site "Chess.com"]
[Date "2019.05.07"]
[Round "7"]
[White "Oleg_Papayan"]
[Black "FancyPlaySyndrome"]
[Result "1/2-1/2"]
[WhiteElo "2543"]
[BlackElo "2527"]
[TimeControl "180+2"]
[EndTime "14:43:30 PDT"]
[Termination "Game drawn - insufficient material"]

1. e4 c5 2. Nf3 d6 3. Bb5+ Bd7 4. Bxd7+ Qxd7 5. O-O Nc6 6. d4 cxd4 7. Nxd4 g6 8.
Nc3 Bg7 9. Be3 Nf6 10. f3 O-O 11. Qd2 Rfc8 12. Nxc6 bxc6 13. e5 dxe5 14. Qxd7 Nxd7 15.
Rad1 Nb6 16. b3 f5 17. a4 Rd8 18. Rxd8+ Rxd8 19. a5 Nc8 20. Na4 Kf7 21. Kf2 e6 22. Ke2 Bf8 23. h4 Bb4 24. a6 Rd5 25. c4 Ra5 26. Rd1 Ke8 27. h5 Rxa6 28. hxg6 hxg6 29. Rh1 Ne7 30. Rh7 c5 31. Bxc5 Bxc5 32. Nxc5 Rb6 33. Kd3 a5 34. Kc3 Rc6 35. Rh8+ Kf7 36.
Nd7 Kg7 37. Re8 Ng8 38. Nxe5 Ra6 39. c5 Nf6 40. Re7+ Kg8 41. Kc4 Nd5 42. Re8+ Kg7 43. c6 Kf6 44. Nd7+ Kf7 45. Rxe6 Kxe6 46. Nc5+ Kd6 47.
Nxa6 Kxc6 48. Nb8+ Kd6 49. Kb5 Ne3 50. Kxa5 Nxg2 51.
b4 Ne3 52. b5 Nc4+ 53. Kb4 Nb6 54. Nc6 g5 55. Nd4 Ke5 56. Nc6+ Kf4 57. Kc5 Na4+ 58. Kb4 Nb6 59. Kc5 Na4+ 60. Kb4 Nb6 61. Kc5 Kxf3 62. Kxb6 g4 63. Nd4+ Ke4 64. Ne2 f4 65. Nxf4 Kxf4 66. Kc6 g3 67. b6 g2 68. b7 g1=Q 69. b8=Q+ Kf3 70. Qf8+ Kg2 71. Qg7+ Kf1 72. Qa1+ Kg2 73. Qb2+ Kf1 74. Qc1+ Kg2 75. Qd2+ Kf1 76. Qd1+ Kg2 77.
Qe2+ Kh1 78. Qh5+ Kg2 79. Qg4+ Kf1 80. Qf3+ Ke1 81. Qc3+ Kf1 82. Qd3+ Kg2 83. Qe2+ Kh1 84. Qf3+ Qg2 85. Qd5 Qxd5+ 86. Kxd5 1/2-1/2

[Event "*** Titled Tuesday Blitz"]
[Site "Chess.com"]
[Date "2019.05.07"]
[Round "7"]
[White "vovachesss"]
[Black "Taron_Shagbazyan"]
[Result "1/2-1/2"]
[WhiteElo "2542"]
[BlackElo "2728"]
[TimeControl "180+2"]
[EndTime "14:43:32 PDT"]
[Termination "Game drawn - insufficient material"]

1. e4 e5 2. Nf3 Nc6 3. d4 exd4 4. Nxd4 Qf6 5. Nf3 Bc5 6. Bd3 d6 7. O-O Bg4 8. Be3 Qxb2 9. Nbd2 Bxe3 10. fxe3 Qb6 11.
Nc4 Qc5 12. Rb1 Nb4 13. a3 Nxd3 14. Qxd3 Be6 15. Ncd2 O-O-O 16. Rb5 Qc6 17. Rfb1 b6 18. Nd4 Qb7 19. Nc4 Nf6 20. e5 dxe5 21.
Nxe5 Bd5 22. Qf5+ Kb8 23. c4 Be4 24. Qf4 Rhe8 25. R1b2 Re7 26. c5 Ka8 27. cxb6 cxb6 28. a4 Rd5 29. Nec6 Re8 30. Nb4 Rxb5 31. axb5 Nd5 32.
Nxd5 Bxd5 33. Qg3 g6 34. Rc2 Qe7 35. Rc7 Qxe3+ 36. Qxe3 Rxe3 37. Nc6 Bxc6 38. bxc6 Kb8 39. Rb7+ Kc8 40. Rxf7 a5 41. Rb7 Rb3 42. Kf2 a4 43.
Ra7 a3 44. Ke2 b5 45. Kd2 b4 46. Kc2 Rc3+ 47. Kd2 Rxc6 48. Kd3 Rc7 49. Ra4 Rb7 50. Kc2 b3+ 51. Kb1 a2+ 52. Kb2 Kd7 53. h4 Ke6 54. g4 Ke5 55. h5 gxh5 56. gxh5 Kf5 57.
Ra5+ Kf6 58. Ra6+ Kg5 59. Ra5+ Kh6 60. Rd5 a1=Q+ 61. Kxa1 Rg7 62. Kb2 Rg5 63. Rd7 Rxh5 64. Kxb3 Rc5 65. Kb4 Rc1 66. Rd2 Kg6 67. Rg2+ Kf6 68.
Rf2+ Kg7 69. Rg2+ Kh8 70. Rh2 Rc7 71. Kb5 Rc8 72. Kb6 Rc1 73. Kb5 Rc7 74. Rh4 Re7 75.
Kc4 Re6 76. Kd4 Rf6 77. Ke5 Kg7 78. Rxh7+ Kxh7 79. Kxf6 1/2-1/2

[Event "*** Titled Tuesday Blitz"]
[Site "Chess.com"]
[Date "2019.05.07"]
[Round "7"]
[White "Vincent_Vega95"]
[Black "Manukyan_Artak"]
[Result "1-0"]
[WhiteElo "2666"]
[BlackElo "2428"]
[TimeControl "180+2"]
[EndTime "14:43:34 PDT"]
[Termination "Vincent_Vega95 won by resignation"]

1. d4 Nf6 2. c4 e6 3. Nc3 Bb4 4. e3 c5 5. Ne2 d5 6. a3 Bxc3+ 7. Nxc3 cxd4 8. exd4 Nc6 9. c5 Ne4 10. Bd3 f5 11. Ne2 O-O 12. O-O Bd7 13. b4 a6 14.
f3 Nf6 15. Bb2 g5 16. Qd2 f4 17. a4 Ne7 18. Nc1 Nf5 19. Bxf5 exf5 20. Nd3 Re8 21. Ne5 Be6 22. Rfe1 Nd7 23. Re2 Nxe5 24. Rxe5 Qf6 25. Rae1 Bf7 26. Qd3 Rxe5 27. Rxe5 Be6 28. Qe2 Kf7 29.
b5 axb5 30. Qxb5 Qe7 31. h4 h6 32. a5 Qd7 33. Qb4 Qc6 34. Bc1 Qa6 35. Bd2 Kf8 36. c6+ Kf7 37. Qd6 Re8 38. Rxe6 Rxe6 39. Qd7+ Re7 40.
Qxf5+ Kg8 41. hxg5 Qxc6 42. Bxf4 hxg5 43. Bxg5 Rf7 44.
Qe5 Kh7 45. Kh2 Qd7 46. f4 Qf5 47. Qd6 Qg6 48. Qxd5 Qh5+ 49. Kg3 Qg6 50. Qf3 Rc7 51. d5 Qf5 52. d6 Rd7 53. Be7 Qg6+ 54. Qg4 Qd3+ 55.
Kh4 Rxd6 56. Bxd6 Qxd6 57. Qf5+ Kg7 58. g4 Qd2 59. Qg5+ Kf7 60. Qf5+ Kg7 61. Qe5+ Kf7 62. f5 Qh6+ 63. Kg3 Qh1 64. Qe6+ Kf8 65. Qc8+ Kf7 66.
Qe6+ Kf8 67. f6 Qg1+ 68. Kf4 Qf2+ 69. Ke5 Qe3+ 70. Kd6 Qa3+ 71. Kd7 Qa4+ 72. Kc8 Qb4 73. Qe7+ Qxe7 74. fxe7+ Kxe7 75. Kxb7 1-0

[Event "*** Titled Tuesday Blitz"]
[Site "Chess.com"]
[Date "2019.05.07"]
[Round "7"]
[White "DrMelekess"]
[Black "Yurovskykh_Oleksandr"]
[Result "1-0"]
[WhiteElo "2768"]
[BlackElo "2541"]
[TimeControl "180+2"]
[EndTime "14:43:46 PDT"]
[Termination "DrMelekess won on time"]

1. d4 d5 2. Nf3 Nf6 3. e3 c5 4.
dxc5 e6 5. a3 Bxc5 6. b4 Bd6 7.
Bb2 a5 8. b5 Nbd7 9. c4 O-O 10.
Be2 Qe7 11. Nbd2 e5 12. cxd5 e4 13. Nd4 Ne5 14. h3 Bd7 15. Qb1 Nd3+ 16. Bxd3 exd3 17. Qxd3 Nxd5 18. O-O Rad8 19. Nf5 Bxf5 20. Qxf5 Rfe8 21. Nc4 Bb8 22. Rfd1 Qc7 23. Rxd5 Qxc4 24. Rxd8 Rxd8 25. Qg5 f6 26. Bxf6 Rd7 27. Bd4 h6 28. Qc5 Qxc5 29.
Bxc5 Rd5 30. Rc1 Be5 31. a4 Rd2 32. g3 Ra2 33. Rc4 Kf7 34. Bb6 Ke6 35. e4 Rd2 36.
Bxa5 Rd1+ 37. Kg2 h5 38. h4 g6 39. Bb6 Rb1 40. Bd4 Bd6 41. Be3 Ra1 42. f4 Ra2+ 43. Kf3 Ra3 44. Ke2 Ra2+ 45. Kd3 Ra3+ 46. Kd2 Ra2+ 47.
Kd1 Ra1+ 48. Kc2 Ra2+ 49. Kb1 Rg2 50. a5 Rxg3 51. Bd2 Rb3+ 52. Kc2 Rxb5 53. e5 Be7 54. a6 bxa6 55. Rc6+ Kf5 56. Rxa6 Bxh4 57. Kd3 Rd5+ 58. Ke2 Be7 59. Ra7 Ke6 60. Ra6+ Kf7 61. Bc3 g5 62. f5 Rc5 63. Bd4 Rc7 64. e6+ Ke8 65.
f6 Bb4 66. Ra8+ 1-0

[Event "*** Titled Tuesday Blitz"]
[Site "Chess.com"]
[Date "2019.05.07"]
[Round "7"]
[White "Walter_White_Poland"]
[Black "nitpicker"]
[Result "1-0"]
[WhiteElo "2286"]
[BlackElo "2225"]
[TimeControl "180+2"]
[EndTime "14:43:47 PDT"]
[Termination "Walter_White_Poland won by resignation"]

1. e4 e5 2. Nf3 Nc6 3. Bb5 a6 4. Ba4 Nf6 5. O-O b5 6. Bb3 Bb7 7. Nc3 Bc5 8. Nd5 O-O 9. Nxf6+ Qxf6 10. Bd5 Rab8 11. c3 d6 12. a4 Ne7 13. Bxb7 Rxb7 14. d4 Bb6 15. Bg5 Qe6 16. dxe5 dxe5 17. Bxe7 Qxe7 18. Qd5 Rbb8 19. axb5 axb5 20. Qxe5 Qxe5 21. Nxe5 Rbd8 22. Rfd1 Rfe8 23. Nc6 Rc8 24. Re1 f6 25.
Kf1 Kf7 26. Rad1 Ke6 27. g3 Bc5 28. f4 Bd6 29. Nd4+ Kf7 30. Nxb5 Rb8 31. Nxd6+ cxd6 32. b4 Rec8 33. Re3 Rb6 34. Ke2 Rbc6 35. Rdd3 Ke6 36.
Kd2 Ke7 37. Rd5 Rc4 38. Ra5 R8c7 39. Ra6 Kd7 40. Rd3 Rxe4 41. Raxd6+ Ke7 42. R6d4 Re6 43. Re3 Rxe3 44. Kxe3 Rxc3+ 45. Rd3 Rc2 46. Rb3 Kd6 47. h4 Rg2 48. Kf3 Rc2 49. b5 Kc7 50.
b6+ Kb7 51. f5 h5 52. Ke4 Rc5 53. Kf4 Rc4+ 54. Kf3 Rc5 55. g4 hxg4+ 56. Kxg4 Re5 57. Rb4 Rc5 58. Kf4 Rd5 59. Kg4 Rc5 60. Kh5 Rxf5+ 61. Kg6 Rf1 62. Kxg7 f5 63. h5 f4 64. h6 f3 65. Rf4 Kxb6 66. h7 Rg1+ 67. Kf7 Rh1 68. Kg8 Rg1+ 69. Kf7 Rh1 70. Kg6 Rg1+ 71. Kf6 Rh1 72. Kg6 Rg1+ 73. Kh5 f2 74. Rxf2 Rh1+ 75.
Kg6 Kb7 76. Rf8 Kc7 77. h8=Q 1-0

[Event "*** Titled Tuesday Blitz"]
[Site "Chess.com"]
[Date "2019.05.07"]
[Round "7"]
[White "Cryptochess"]
[Black "wonderfultime"]
[Result "0-1"]
[WhiteElo "2584"]
[BlackElo "2950"]
[TimeControl "180+2"]
[EndTime "14:43:57 PDT"]
[Termination "wonderfultime won by resignation"]

1. e4 c5 2. Nc3 Nc6 3. g3 g6 4.
Bg2 Bg7 5. d3 d6 6. Be3 Rb8 7.
Nf3 Nf6 8. O-O O-O 9. h3 Nd7 10. Qd2 Nd4 11. Nh4 e5 12. Nd5 Nb6 13. c3 Nc6 14. f4 exf4 15. Bxf4 Nxd5 16. exd5 Ne5 17. Rae1 c4 18. dxc4 Nxc4 19. Qc1 Bd7 20. Nf3 Qb6+ 21. Kh2 Nxb2 22. Be3 Nd3 23. Bxb6 Nxc1 24. Bc7 Nd3 25.
Re7 Bb5 26. Bxb8 Rxb8 27. Nd4 Be8 28. Rb1 Nc5 29. Rbe1 Kf8 30. Bf1 Bf6 31. R7e3 a6 32. Rf3 Kg7 33. Nb3 Na4 34. c4 Bd7 35. Bd3 Be5 36.
Nd2 f5 37. Kg2 Nc5 38. Bf1 b5 39. cxb5 axb5 40. Rb1 Ra8 41. Bxb5 Rxa2 42. Rf2 Bd4 43. Re2 Bxb5 44. Rxb5 Bc3 45. Kf3 Rxd2 46. Rxd2 Bxd2 47. Rb8 Bc3 48. g4 fxg4+ 49. hxg4 h6 50. Rc8 Be5 51. Rc7+ Kf6 52. Rc8 Kg5 53. Rg8 Nb3 54. Kg2 Nd4 55.
Kh3 Ne2 56. Kg2 Nf4+ 57. Kf3 Nxd5 58. Ra8 Nf6 59. Ra4 h5 60. gxh5 gxh5 61. Kf2 h4 62. Kg2 Nd5 63. Ra5 Nf4+ 64. Kf3 Ne6 65. Ra8 Kf5 66.
Kg2 Ng5 67. Ra4 h3+ 68. Kh1 d5 69. Ra3 d4 70. Rf3+ Ke4 71. Rf1 Bf4 72. Re1+ Be3 73. Rd1 Kf3 74. Kh2 Kg4 75. Ra1 Ne4 76. Ra2 Bf4+ 77.
Kh1 d3 78. Ra1 d2 79. Kg1 Kf3 80. Rf1+ Ke3 81. Ra1 Ke2 82. Rf1 Be3+ 83. Kh1 Kxf1 0-1

[Event "*** Titled Tuesday Blitz"]
[Site "Chess.com"]
[Date "2019.05.07"]
[Round "7"]
[White "ENEASZ"]
[Black "Mimsychess"]
[Result "1-0"]
[WhiteElo "2509"]
[BlackElo "2340"]
[TimeControl "180+2"]
[EndTime "14:44:28 PDT"]
[Termination "ENEASZ won on time"]

1. e4 c5 2. c3 Nf6 3. e5 Nd5 4. d4 cxd4 5. cxd4 g6 6. Nf3 Bg7 7. Bc4 Nb6 8. Bb3 O-O 9. O-O d6 10. h3 Bf5 11. Nc3 Nc6 12. Bf4 dxe5 13. dxe5 Na5 14.
Re1 Qxd1 15. Raxd1 Nxb3 16. axb3 Bc2 17. Rd4 Bxb3 18. Rb4 Bc4 19. Be3 Rfc8 20. Bxb6 axb6 21. Rxb6 Rc7 22. Nd4 Rd8 23. Ndb5 Rc5 24. Rxb7 Rxe5 25.
Rxe5 Bxe5 26. Rxe7 Bf6 27. Re1 Bxb5 28. Nxb5 Bxb2 29.
Rb1 Rd2 30. Kf1 Be5 31. Re1 f6 32. Re2 Rd5 33. Na3 Rd1+ 34. Re1 Rxe1+ 35. Kxe1 f5 36. Ke2 Kf7 37. Nc4 Ke6 38. Kd3 Kd5 39. Ne3+ Kc5 40.
Nf1 h5 41. Nd2 Kd5 42. Nf3 Bf6 43. Ng1 g5 44. Ne2 h4 45. Ke3 Ke5 46. Kf3 Bd8 47. Nc3 Bb6 48. Ne2 Kd5 49. Nc1 Kd4 50. Ke2 Ke4 51. Nd3 g4 52. f3+ gxf3+ 53. gxf3+ Kd4 54.
Nf4 Kc4 55. Ng2 Bd8 56. Ne3+ Kd4 57. Nxf5+ Ke5 58. Nh6 Kf4 59. Kf2 Bc7 60. Ng4 Bb8 61. Nf6 Be5 62. Nd5+ Kg5 63. Ke3 Bg3 64. Ke4 Kg6 65.
f4 Kf7 66. Kf5 Be1 67. Ne3 Bf2 68. Ng2 Bg3 69. Kg5 Kg7 70. Nxh4 Be1 71. Nf5+ Kh7 72. h4 Bc3 73. h5 Bb2 74. Nh4 Ba1 75. Nf5 Bb2 76. Kg4 Ba1 77. Kf3 Bb2 78. Ke4 Ba1 79. Kf3 Bb2 80. Kg4 Ba1 81. Kg5 Bb2 82. Ne3 Ba1 83. Ng4 Bb2 84. Kh4 Ba1 85. Kg3 Bb2 86.
Kf3 Ba1 87. Ke4 Bb2 88. Kd5 Ba1 89. Ke6 Kg7 90. f5 Bb2 91. f6+ Kh7 92. Kf7 Bc3 93. Ke8 Bxf6 94. Nxf6+ Kh6 95. Kf7 1-0

[Event "*** Titled Tuesday Blitz"]
[Site "Chess.com"]
[Date "2019.05.07"]
[Round "7"]
[White "Keaton87"]
[Black "EfrenRamos1"]
[Result "0-1"]
[WhiteElo "2540"]
[BlackElo "2339"]
[TimeControl "180+2"]
[EndTime "14:44:44 PDT"]
[Termination "EfrenRamos1 won by resignation"]

1. Nf3 Nf6 2. c4 c6 3. e3 d5 4. Nc3 e6 5. Qc2 Be7 6. b3 a5 7.
Bb2 Na6 8. Be2 Nb4 9. Qb1 O-O 10. a3 Na6 11. O-O Nc5 12. Qc2 b6 13. b4 Nce4 14.
d3 Nd6 15. c5 Nb7 16. d4 b5 17. e4 dxe4 18. Nxe4 Nd5 19. Ne5 Bd7 20. Bc3 f6 21. Nd3 Qc7 22. Bd2 axb4 23. axb4 Rfc8 24. Nc3 Nd8 25. Nxd5 cxd5 26. Bf4 Qb7 27. Be3 Nc6 28. f4 f5 29. Ne5 Be8 30. Nxc6 Bxc6 31. Ra5 Bd8 32.
Raa1 Rxa1 33. Rxa1 Ra8 34. Qb1 Ra6 35. Bd2 Qa7 36. Rxa6 Qxa6 37. Bc3 Qa3 38. Qb2 Qa4 39. Kf2 Bh4+ 40. g3 Bf6 41. Ke1 Be8 42. Bd1 Qa6 43.
Qa1 Qxa1 44. Bxa1 Bc6 45. Kf2 g6 46. h3 Kg7 47. g4 Bh4+ 48. Ke2 Bg3 49. Ke3 Be1 50.
Kd3 Bxb4 51. Bc3 Ba3 52. g5 Kf7 53. Kc2 b4 54. Kb3 Bc1 55. Kxb4 Bxf4 56. h4 Bg3 57. Ka5 Bc7+ 58. Ka6 Ke7 59. Ba5 Bg3 60. Kb6 Kd7 61.
Be2 Bxh4 62. Bd2 Bg3 63. Bb5 Bc7+ 64. Ka6 e5 65. dxe5 Bxe5 66. Bd3 Bc7 67. Be3 f4 68.
Bf2 Be5 69. Kb6 Bc7+ 70. Ka6 Bd8 71. Bh4 Ke6 72. Bb5 Kd7 73. Be2 d4 74. Bg4+ Kc7 75. Be2 Be4 76. Bb5 Be7 77. Be1 Bxc5 78. Bd2 f3 79. Bf4+ Bd6 80. Bd2 f2 81. Ba5+ Kb8 82. Bb6 Be5 83. Ba7+ Kc7 84. Bb6+ Kd6 85. Bf1 Ke6 86.
Bh3+ Bf5 87. Bf1 Bg4 88. Kb5 Kf5 89. Kc4 Kxg5 90. Kd5 Bf6 91. Ke4 h5 92. Bc7 h4 93.
Bf4+ Kh5 94. Bg2 Be2 0-1

[Event "*** Titled Tuesday Blitz"]
[Site "Chess.com"]
[Date "2019.05.07"]
[Round "7"]
[White "Hikaru"]
[Black "GHANDEEVAM2003"]
[Result "0-1"]
[WhiteElo "3192"]
[BlackElo "2901"]
[TimeControl "180+2"]
[EndTime "14:44:57 PDT"]
[Termination "GHANDEEVAM2003 won by resignation"]

1. Nf3 Nf6 2. b3 g6 3. Bb2 Bg7 4. d4 O-O 5. e3 b6 6. Be2 Bb7 7. O-O c5 8. dxc5 bxc5 9. c4 d6 10. Nc3 Nbd7 11. Qc2 Ne4 12. Nd2 Nxc3 13. Bxc3 Bxc3 14.
Qxc3 Qc7 15. Rad1 Rfd8 16. Rfe1 a5 17. a4 Rab8 18. Nb1 Bc6 19. Bf1 Qb7 20. Nd2 Qb4 21. Qc2 Rb7 22. h3 Rdb8 23. e4 Nf8 24.
Re3 Ne6 25. Qa2 Nd4 26. e5 d5 27. Rc1 Nf5 28. Rd3 d4 29. e6 f6 30. Re1 Kg7 31. g3 Nd6 32. Bg2 Bxg2 33. Kxg2 Qb6 34. Qc2 Qc6+ 35. Kg1 Rb6 36. Nf3 Ne4 37. Rxd4 Nxg3 38.
Rd3 Nf5 39. Qd1 Qb7 40. Nd2 Nd4 41. Qg4 Rd8 42. Ree3 Rbd6 43. Ne4 Rc6 44. Nxc5 Rxc5 45. Rxd4 Rxd4 46. Qxd4 Rg5+ 47. Kf1 Qh1+ 48. Ke2 Rg1 49. Qc3 Rc1 50. Qd2 Ra1 51. c5 Qb1 52. c6 Ra2 53.
Rc3 Qe4+ 54. Kd1 Rxd2+ 55. Kxd2 Qxe6 56. c7 Qc8 57. b4 axb4 58. Rc4 b3 59. Kc1 Kf7 60.
a5 Ke6 61. a6 b2+ 62. Kxb2 Kd7 63. a7 Qb7+ 64. Kc3 Kc8 65. Ra4 Qa8 66. Kd2 Kxc7 67. h4 Kb6 68. Ke3 Kb5 69. Ra1 e5 70. Rb1+ Kc4 71.
Ra1 f5 72. f3 Kc3 73. Ra5 f4+ 74. Ke2 e4 75. Ra4 exf3+ 76. Kf2 Kb3 77. Ra6 Kc4 78. Ra1 Kb5 79. Rb1+ Kc5 80. Rc1+ Kb6 81. Rb1+ Kc7 82. Rc1+ Kd7 83. Ra1 Ke6 84. Ra5 h6 85. Ra6+ Kf5 86. Kf1 g5 87. hxg5 hxg5 88. Ra5+ Kg4 89. Kf2 Qe4 90.
Ra2 Qd4+ 91. Ke1 Qg1+ 92. Kd2 0-1

[Event "*** Titled Tuesday Blitz"]
[Site "Chess.com"]
[Date "2019.05.07"]
[Round "8"]
[White "enriquetejedor"]
[Black "Slovak_fighter2000"]
[Result "1-0"]
[WhiteElo "2547"]
[BlackElo "2431"]
[TimeControl "180+2"]
[EndTime "14:47:49 PDT"]
[Termination "enriquetejedor won by resignation"]

1. e4 g6 2. Nc3 Bg7 3. d4 d6 4.
Be3 Nf6 5. f3 O-O 6. Qd2 a6 7.
O-O-O b5 8. Bh6 b4 9. Nce2 a5 10. h4 Ba6 11. h5 Bxe2 12. Nxe2 e5 13. hxg6 fxg6 14. Ng3 exd4 15. Bc4+ Kh8 16. Bxg7+ Kxg7 17. Qh6+ Kh8 18. Qxg6 Qe8 19. Qg5 Qe5 20. Nf5 Ng8 21. Rxh7+ 1-0

[Event "*** Titled Tuesday Blitz"]
[Site "Chess.com"]
[Date "2019.05.07"]
[Round "8"]
[White "Veiso"]
[Black "harvsp123"]
[Result "0-1"]
[WhiteElo "2375"]
[BlackElo "2482"]
[TimeControl "180+2"]
[EndTime "14:49:27 PDT"]
[Termination "harvsp123 won by resignation"]

1. d4 Nf6 2. c4 g6 3. Nc3 d5 4.
Nf3 Bg7 5. Bg5 Ne4 6. Bh4 Nxc3 7. bxc3 dxc4 8. Qa4+ c6 9. Qxc4 Na6 10. e3 Qa5 11.
Be2 Be6 12. Qd3 Nc5 13. Qd2 Ne4 14. Qc2 Qxc3+ 15. Qxc3 Nxc3 16. Bd3 Nxa2 17. Ng5 Nb4 18. Bb1 Bc4 19. Kd2 h6 20. Nf3 c5 21. Rc1 b5 22.
Be4 Rd8 23. Rxa7 g5 24. Bg3 cxd4 25. exd4 O-O 26. Rxe7 f5 27. Bb1 f4 0-1

[Event "*** Titled Tuesday Blitz"]
[Site "Chess.com"]
[Date "2019.05.07"]
[Round "8"]
[White "riconaipe"]
[Black "ENEASZ"]
[Result "1-0"]
[WhiteElo "2442"]
[BlackElo "2499"]
[TimeControl "180+2"]
[EndTime "14:49:33 PDT"]
[Termination "riconaipe won by resignation"]

1. Nf3 Nf6 2. g3 g6 3. Bg2 Bg7 4. O-O O-O 5. d4 d6 6. c4 Nc6 7. Nc3 a6 8. e4 e5 9. dxe5 Nxe5 10. Nxe5 dxe5 11. Qxd8 Rxd8 12. Bg5 Re8 13. Rad1 h6 14.
Bxf6 Bxf6 15. Nd5 Bd8 16. c5 Be6 17. a3 a5 18. f4 exf4 19. gxf4 c6 20. f5 Bc8 21.
fxg6 fxg6 22. Nf6+ Bxf6 23. Rxf6 Re5 24. Rd8+ Kg7 25. Rff8 Rxc5 26. Rxc8 Rxc8 27. Rxc8 Rc1+ 28. Kf2 Rc2+ 29. Kg3 Rxb2 30. e5 Rb3+ 31. Kf4 Rxa3 32. Rc7+ Kf8 33. Rxb7 Ra2 34. Bxc6 Rxh2 35. e6 Re2 36.
Be4 a4 37. Ke5 a3 38. Kf6 1-0

[Event "*** Titled Tuesday Blitz"]
[Site "Chess.com"]
[Date "2019.05.07"]
[Round "8"]
[White "Jahonas"]
[Black "Keaton87"]
[Result "1/2-1/2"]
[WhiteElo "2393"]
[BlackElo "2537"]
[TimeControl "180+2"]
[EndTime "14:50:05 PDT"]
[Termination "Game drawn by repetition"]

1. d4 d5 2. Nf3 Nf6 3. c3 g6 4.
Bf4 Bg7 5. h3 O-O 6. e3 b6 7.
Bd3 c5 8. O-O Ba6 9. Re1 Bxd3 10. Qxd3 Nc6 11. Nbd2 c4 12. Qc2 b5 13. e4 dxe4 14.
Nxe4 Nxe4 15. Rxe4 e6 16. Rd1 Qd5 17. Ne5 Rfd8 18.
Nxc6 Qxc6 19. Be5 Bxe5 20. Rxe5 Rd5 21. Rde1 Rad8 22. Qd2 Rxe5 23. Rxe5 Rd5 24. Qg5 a5 25. Rxd5 exd5 26. Qd8+ Kg7 27. Qxa5 Qe6 28. Qxb5 Qe1+ 29. Kh2 Qxf2 30. Qb8 f5 31. a4 f4 32. a5 Qg3+ 33. Kg1 Qe1+ 34. Kh2 Qg3+ 35. Kg1 Qe1+ 36.
Kh2 Qg3+ 37. Kg1 Qe1+ 38. Kh2 Qg3+ 39. Kg1 Qe1+ 40. Kh2 1/2-1/2

[Event "*** Titled Tuesday Blitz"]
[Site "Chess.com"]
[Date "2019.05.07"]
[Round "8"]
[White "JonasHilwerda"]
[Black "ZuchBolt"]
[Result "1-0"]
[WhiteElo "2242"]
[BlackElo "2269"]
[TimeControl "180+2"]
[EndTime "14:50:15 PDT"]
[Termination "JonasHilwerda won by resignation"]

1. e4 e5 2. Bc4 Nc6 3. Nf3 Bc5 4. c3 Nf6 5. d4 exd4 6. cxd4 Bb4+ 7. Kf1 d5 8. exd5 Nxd5 9. Nc3 Nxc3 10. bxc3 Bxc3 11.
Qb3 Bxa1 12. Bxf7+ Kf8 13. Ba3+ Ne7 14. Ke2 Bxd4 15. Rd1 c5 16. Bxc5 Qa5 17. Rxd4 Be6 18. Qxb7 Qxc5 19. Qxa8+ Kxf7 20. Qxh8 Bc4+ 21. Kd1 Nf5 22.
Rd7+ Kg6 23. Qe8+ Kh6 24. g4 1-0

[Event "*** Titled Tuesday Blitz"]
[Site "Chess.com"]
[Date "2019.05.07"]
[Round "8"]
[White "MateusViageiro"]
[Black "Perecke"]
[Result "1-0"]
[WhiteElo "2164"]
[BlackElo "2096"]
[TimeControl "180+2"]
[EndTime "14:50:44 PDT"]
[Termination "MateusViageiro won by resignation"]

1. e4 e5 2. Nf3 Nc6 3. Bb5 a6 4. Ba4 Nf6 5. d3 b5 6. Bb3 Be7 7. O-O O-O 8. c3 d5 9. Qe2 dxe4 10. dxe4 Bg4 11. Nbd2 Bd6 12. h3 Bh5 13. Rd1 Bg6 14. Nh4 Nd7 15. Nxg6 hxg6 16. Bd5 Ndb8 17. Nf3 Ra7 18.
Be3 Rb7 19. Nxe5 Nxe5 20. Bxb7 Qh4 21. Bd5 Nbd7 22. f4 Nc4 23. Bxc4 bxc4 24. e5 1-0

[Event "*** Titled Tuesday Blitz"]
[Site "Chess.com"]
[Date "2019.05.07"]
[Round "8"]
[White "TargetA"]
[Black "LonesomeGeorge1"]
[Result "1-0"]
[WhiteElo "2447"]
[BlackElo "2369"]
[TimeControl "180+2"]
[EndTime "14:50:48 PDT"]
[Termination "TargetA won by resignation"]

1. e4 c6 2. d3 d5 3. Nd2 g6 4.
Ngf3 Bg7 5. g3 Nh6 6. Bg2 O-O 7. O-O f6 8. Re1 Nf7 9. d4 dxe4 10. Nxe4 Nd7 11. c3 e5 12. dxe5 Ndxe5 13. Qxd8 Rxd8 14. Nxe5 Nxe5 15. Be3 Bg4 16. h3 Nf3+ 17. Bxf3 Bxf3 18.
Nd2 Bd5 19. c4 Bf7 20. b3 f5 21. Rad1 a5 22. Bb6 Rd7 23. Nf3 Rxd1 24. Rxd1 a4 25. Rd7 Bf6 26. Rxb7 a3 27. Ra7 Rb8 28. Bd4 Be7 29.
Rxe7 1-0

[Event "*** Titled Tuesday Blitz"]
[Site "Chess.com"]
[Date "2019.05.07"]
[Round "8"]
[White "elefante33"]
[Black "mouseWLZ"]
[Result "0-1"]
[WhiteElo "2554"]
[BlackElo "2618"]
[TimeControl "180+2"]
[EndTime "14:51:01 PDT"]
[Termination "mouseWLZ won by resignation"]

1. e4 c6 2. d4 d5 3. exd5 cxd5 4. Bd3 Nf6 5. Nf3 Nc6 6. O-O g6 7. c3 Bg7 8. Bf4 O-O 9. Re1 Bf5 10. Bxf5 gxf5 11. Ne5 Rc8 12. Nd2 e6 13. Nxc6 Rxc6 14. Be5 Ne4 15. Bxg7 Kxg7 16. Nxe4 fxe4 17. Qh5 Qf6 18.
Re3 Kh8 19. Rh3 Qg6 20. Qe5+ f6 21. Qf4 Qg5 22. Qe3 Qxe3 23. fxe3 Rb6 24. Rb1 Rc8 25. Rg3 Rxc3 26. Rf1 Rxb2 27. h4 f5 28. h5 Rxa2 29.
h6 Rc7 30. Kh1 b5 31. Rg5 b4 32. g4 f4 33. exf4 b3 34. f5 b2 35. fxe6 Ra1 36. Rf5 Rxf1+ 37. Rxf1 Kg8 38. Kg2 Rb7 39. Kg3 b1=Q 40. e7 Qd3+ 41. Kh4 Rxe7 0-1

[Event "*** Titled Tuesday Blitz"]
[Site "Chess.com"]
[Date "2019.05.07"]
[Round "8"]
[White "NemtsevIgor"]
[Black "vladimirdamjanovic"]
[Result "0-1"]
[WhiteElo "2257"]
[BlackElo "2545"]
[TimeControl "180+2"]
[EndTime "14:51:01 PDT"]
[Termination "vladimirdamjanovic won by checkmate"]

1. c3 Nf6 2. Qa4 e5 3. g4 b5 4.
Qxb5 Nc6 5. g5 Ne4 6. h4 Bc5 7. d4 exd4 8. Bg2 Qe7 9. Bxe4 Qxe4 10. Nf3 Qe7 11. Bf4 Rb8 12. Qd3 Rxb2 13. cxd4 Nb4 14.
Qc4 Ba6 15. Qxc5 Qxe2# 0-1

[Event "*** Titled Tuesday Blitz"]
[Site "Chess.com"]
[Date "2019.05.07"]
[Round "8"]
[White "BvsN"]
[Black "AndrewMcStone"]
[Result "1-0"]
[WhiteElo "2299"]
[BlackElo "2144"]
[TimeControl "180+2"]
[EndTime "14:51:23 PDT"]
[Termination "BvsN won by resignation"]

1. d4 Nf6 2. c4 Nc6 3. Nf3 e6 4. a3 g6 5. Nc3 Bg7 6. e4 d6 7.
Be2 O-O 8. O-O Re8 9. h3 e5 10. dxe5 dxe5 11. Qxd8 Rxd8 12. Bg5 Nd4 13. Nxd4 Rxd4 14. Nd5 Nxe4 15. Be3 Nd2 16. Bxd4 Nxf1 17. Bc3 c6 18. Ne7+ Kf8 19. Nxc8 Rxc8 20. Kxf1 f5 21.
Rd1 Ke7 22. f4 b6 23. Bxe5 Bxe5 24. fxe5 Ke6 25. Bf3 Kxe5 26. Rd7 1-0

[Event "*** Titled Tuesday Blitz"]
[Site "Chess.com"]
[Date "2019.05.07"]
[Round "8"]
[White "Jospem"]
[Black "Keithonsky"]
[Result "1-0"]
[WhiteElo "2895"]
[BlackElo "2383"]
[TimeControl "180+2"]
[EndTime "14:51:28 PDT"]
[Termination "Jospem won by resignation"]

1. c4 Nf6 2. Nf3 g6 3. g3 Bg7 4. Bg2 O-O 5. O-O d6 6. d4 c5 7.
Nc3 Nc6 8. dxc5 dxc5 9. Bf4 Bg4 10. Ne5 Nxe5 11. Bxe5 Qc8 12. Qb3 b6 13. Bxa8 Qxa8 14. f3 Be6 15. Rad1 h5 16. Nd5 Nxd5 17. Bxg7 Kxg7 18.
cxd5 Bd7 19. e4 f6 20. Qc3 Qb8 21. f4 Bg4 22. Rd2 h4 23. e5 hxg3 24. Qxg3 Bf5 25.
Re1 Rh8 26. exf6+ exf6 27. Re7+ Kf8 28. Rde2 Rh3 29. Qf2 Qd6 30. Re8+ Kf7 31. Qe1 g5 32. R2e7+ Kg6 33. Rg8+ Kh6 34. fxg5+ fxg5 35. Qe5 Qxe5 36. Rxe5 Bh7 37. Rgxg5 Rd3 38. h4 Rd4 39. Re6+ 1-0